 Dungeon Crawl Stone Soup version 0.31-a0-963-ga325b2283a (webtiles) character file.

Game seed: 656379367781660501

189 sammy202020 the Trooper (level 5, -3/34 HPs)
             Began as a Gargoyle Berserker on Oct 26, 2023.
             Was a Believer of Trog.
             Slain by an orc priest
             ... wielding a +0 war axe
              (8 damage)
             ... on level 3 of the Dungeon.
             The game lasted 00:02:41 (1769 turns).

sammy202020 the Trooper (Gargoyle Berserker)        Turns: 1769, Time: 00:02:42

Health: -3/34      AC:  8    Str: 21    XL:     5   Next: 68%
Magic:  5/5        EV: 11    Int:  9    God:    Trog [**....]
Gold:   135        SH:  0    Dex:  9    Spells: 4/4 levels left

rFire   . . .        a - +1 mace
rCold   . . .        (no shield)
rNeg    + + .        k - +0 leather armour
rPois   ∞            i - +0 helmet
rElec   +            (no cloak)
rCorr   .            (no gloves)
SInv    .            (no boots)
Will    .....        (no amulet)
Stlth   +            l - ring of positive energy
HPRegen 0.25/turn    (no ring)
MPRegen 0.09/turn

%: no passive effects
@: on berserk cooldown, slowed, very slow
A: sickness immunity, AC +4, negative energy resistance 1, electricity
resistance, torment resistance 1, petrification resistance
a: Renounce Religion, Berserk, Trog's Hand


You were on level 3 of the Dungeon.
You worshipped Trog.
Trog was pleased with you.
You visited 1 branch of the dungeon, and saw 3 of its levels.

You collected 135 gold pieces.

Inventory:

Hand Weapons
 a - a +1 mace (weapon)
Missiles
 h - a throwing net
Armour
 i - a +0 helmet (worn)
 k - a +0 leather armour (worn)
Jewellery
 l - a ring of positive energy (left hand)
Scrolls
 b - a scroll of vulnerability {unknown}
 j - a scroll of teleportation
Potions
 c - 2 potions of haste
 d - a potion of curing
 e - a potion of heal wounds {unknown}
 f - a potion of mutation {unknown}
 g - a potion of resistance {unknown}
 m - a potion of enlightenment {unknown}


   Skills:
 * Level 4.5 Fighting
 * Level 4.2 Maces & Flails
 * Level 3.6 Armour
 + Level 2.2 Dodging


You had 4 spell levels left.
You didn't know any spells.
Your spell library was empty.

Dungeon Overview and Level Annotations

Branches:
Dungeon (3/15)

Altars:


Innate Abilities, Weirdness & Mutations

You are immune to sickness and miasma.
Your stone body is resilient. (AC +4)
You are immune to poison.
You resist negative energy. (rN+)
You are resistant to electric shocks. (rElec)
You are resistant to unholy torment.
You are immune to petrification.


Message History

You have reached level 5!
Unknown command.
The orc barely misses you.
You thump the orc!
You kill the orc!
Trog accepts your kill.
You completely miss the orc. The orc hits you but does no damage.
You completely miss the orc. You sock the orc!
You kill the orc!
Trog accepts your kill.
You are no longer berserk.
You are exhausted.
You feel yourself slow down.
An orc comes into view. It is wielding a +0 dagger.
The orc shouts!
You hit the orc.
The orc is heavily wounded.
The orc closely misses you.
The orc priest calls down the wrath of Beogh upon you.
Beogh smites you! The orc closely misses you.
The orc priest casts a cantrip, but nothing happens.
You completely miss the orc.
The orc is heavily wounded.
The orc misses you. The orc closely misses you.
Unknown command.
You hit the orc.
You kill the orc!
Trog accepts your kill.
You sock the orc priest!
The orc priest is severely wounded.
The orc priest barely misses you.
The orc priest hits you with a +0 war axe!
* * * LOW HITPOINT WARNING * * *
You hit the orc priest.
The orc priest is almost dead.
The orc priest hits you with a +0 war axe.
* * * LOW HITPOINT WARNING * * *
The orc priest hits you with a +0 war axe!
You die...

..... ....# ....##
.....## .......
##....... .
#o........ .
#o#....... . #@#
...... # #.#
.....### # ##.#
......###### #..#
##......... #.##
#.........
#.########......##.
#.##.....##.#....#.
#.##........#.##.#.
#)##......#.#.# ..#


You could see an orc priest and an orc.

Vanquished Creatures
  A water moccasin (D:3)
  An adder (D:2)
  A worm (D:2)
  A dart slug (D:1)
  3 orcs (D:3)
  5 bats
  6 endoplasms
  3 giant cockroaches (D:1)
  4 goblins
  7 hobgoblins
  9 kobolds
  4 quokkas (D:1)
  5 ball pythons
  5 frilled lizards
  6 rats
61 creatures vanquished.

Notes
Turn   | Place    | Note
-------+----------+-------------------------------------------
     0 | D:1      | sammy202020 the Gargoyle Berserker began the quest for the
                  | Orb.
     0 | D:1      | Reached XP level 1. HP: 14/14 MP: 1/1
    44 | D:1      | Reached XP level 2. HP: 6/19 MP: 2/2
   702 | D:1      | Reached XP level 3. HP: 24/24 MP: 3/3
  1054 | D:2      | Reached ** piety under Trog
  1202 | D:2      | Reached XP level 4. HP: 29/29 MP: 4/4
  1274 | D:2      | Found a faded altar of an unknown god.
  1281 | D:2      | Identified the +2 mace "Qeuts" {venom, rF- rN+ Dex+3
                  | Stlth+}
  1683 | D:3      | Identified the "Eceagis"
  1744 | D:3      | Noticed a water moccasin
  1759 | D:3      | Killed a water moccasin
  1760 | D:3      | Reached XP level 5. HP: 31/34 MP: 5/5
  1769 | D:3      | Slain by an orc priest

Illustrated notes

Levels and vault maps discovered:
D:1:      lightli_iron_boxes, layout_loops_cross
D:2:      layout_basic, ebering_ecumenical_altar_sacrificial,
          minmay_fractal_squares_gapless_5
D:3:      layout_rooms, serial_shops, nicolae_shop_tiny_waterfront,
          uniq_sigmund, uniq_terence, uniq_robin

Skill      XL: |  1  2  3  4 |
---------------+-------------+-----
Fighting       | 4 |  4.5
Armour         | 3 |  3.6
Dodging        | 2 |  2.2
Maces & Flails | 4 |  4.2

Action                     |  1- 3 |  4- 6 || total
---------------------------+-------+-------++-------
  Melee: Mace              |   132 |    51 ||   183
         Punch             |     1 |       ||     1
 Invoke: Berserk           |     1 |     1 ||     2
    Use: Scroll            |     3 |     3 ||     6
 Armour: Animal skin       |    88 |     8 ||    96
         Leather armour    |       |    24 ||    24
  Dodge: Dodged            |   101 |    30 ||   131

Table legend: (Time is in decaauts)
 A = Elapsed time spent in this place.
 B = Non-inter-level travel time spent in this place.
 C = Inter-level travel time spent in this place.
 D = Time resting spent in this place.
 E = Time spent auto-exploring this place.
 F = Levels seen in this place.
 G = Mean time per level.
                   A        B        C        D        E       F      G
               +--------+--------+--------+--------+--------+-----+--------+
         Total |   1808 |   1784 |     24 |    281 |   1064 |   3 |  602.7 |
       Dungeon |   1808 |   1784 |     24 |    281 |   1064 |   3 |  602.7 |
               +--------+--------+--------+--------+--------+-----+--------+

Top non-repeatable levels by time:
     D:1: 1075 daAuts
     D:2: 646 daAuts
     D:3: 86 daAuts
